Map: Reclamation LE

Players

Ekelpack - Winner!

  • Race: Zerg Zerg
  • Spawn Location: 5:00

Nyck - Winner!

  • Race: Terran Terran
  • Spawn Location: 6:00

Boogle

  • Race: Terran Terran
  • League: Gold
  • Spawn Location: 12:00

cute

  • Race: Protoss Protoss
  • Spawn Location: 11:00

VOD

Have the link to the VOD?

Description

Time

  • Played on: Feb. 25, 2025, 3:28 p.m.
  • Length: 12:08
Show
View Real Time Build Order
Export as new Build Order

Ekelpack Zerg - Winner!

Build Orders: Hatch First 

Get SALT Encoding   

  12  0:00  Drone  
  13  0:12  Overlord  
  13  0:17  Drone  
  14  0:30  Drone x2  
  14  0:34  Drone  
  17  0:53  Hatchery  
  17  0:54  Drone  
  17  0:57  Extractor  
  17  1:01  Drone  
  17  1:14  Spawning Pool  
  17  1:18  Drone  
  17  1:20  Drone  
  18  1:31  Drone  
  19  1:39  Drone  
  20  2:02  Queen  
  20  2:06  Queen  
  24  2:08  Metabolic Boost  
  24  2:10  Zergling x2  
  24  2:13  Drone  
  26  2:18  Drone  
  26  2:19  Drone  
  28  2:28  Overlord, Extractor  
  27  2:31  Drone  
  28  2:41  Lair  
  28  2:49  Drone x3  
  28  2:50  Drone  
  32  2:53  Drone  
  33  3:01  Drone x2  
  35  3:07  Overlord  
  35  3:16  Overlord  
  35  3:17  Drone, Overlord  
  35  3:29  Zergling x2, Extractor  
  35  3:30  Zergling x8  
  39  3:37  Extractor  
  39  3:39  Drone  
  39  3:43  Spire  
  39  3:46  Queen  
  40  3:53  Drone  
  41  3:58  Drone  
  41  3:59  Drone x2  
  41  4:02  Drone x2  
  46  4:07  Drone  
  46  4:39  Drone x3  
  46  4:43  Overlord x2  
  45  5:00  Mutalisk x6  
  45  5:01  Mutalisk  
  45  5:05  Zerg Flyer Weapons Level 1  
  59  5:20  Hatchery  
  58  5:29  Drone x2  
  58  5:30  Evolution Chamber  
  58  5:31  Evolution Chamber  
  58  5:35  Infestation Pit  
  57  5:55  Overseer x2  
  55  6:23  Drone x5  
  55  6:24  Drone x5  
  65  6:33  Drone x2  
  65  6:37  Hive  
  65  6:38  Zerg Melee Weapons Level 1, Zerg Ground Armor Level 1  
  67  6:52  Mutalisk x2  
  67  6:53  Mutalisk x3  
  77  6:54  Overlord x2  
  77  6:58  Extractor  
  76  7:12  Overlord  
  76  7:27  Zergling x12  
  76  7:28  Zergling x6  
  83  7:35  Extractor  
  82  7:41  Drone x3, Overlord  
  82  7:42  Overlord x2  
  85  7:51  Adrenal Glands  
  85  7:52  Ultralisk Cavern, Overlord  
  85  7:53  Overlord  
  84  8:04  Drone  
  79  8:34  Zerg Melee Weapons Level 2, Zerg Ground Armor Level 2  
  79  8:42  Drone x3  
  79  8:43  Drone  
  79  8:48  Chitinous Plating  
  83  8:49  Ultralisk x2  
  83  8:50  Zergling x12  
  83  8:51  Zergling x12  
  83  8:52  Zergling x6  
  110  9:11  Overlord  
  100  9:39  Zergling x8  
  100  9:40  Ultralisk x2  
  100  9:41  Zergling x6, Ultralisk x2  
  100  9:42  Zergling x4  
  127  10:06  Anabolic Synthesis  
  127  10:08  Overlord x2, Ultralisk  
  132  10:32  Overlord  
  132  10:33  Overlord x2, Ultralisk x2  
  139  10:57  Ultralisk  
  139  10:58  Zergling x14  
  139  10:59  Zergling x2  
  126  11:22  Zergling x6, Ultralisk  
  126  11:23  Ultralisk  
Show
View Real Time Build Order
Export as new Build Order

Nyck Terran - Winner!

Build Orders: Reaper Expand 

Get SALT Encoding   

  12  0:00  SCV  
  13  0:12  SCV  
  14  0:18  Supply Depot  
  14  0:25  SCV  
  15  0:40  Barracks  
  15  0:41  SCV  
  16  0:46  Refinery  
  16  0:53  SCV  
  17  1:05  SCV  
  18  1:27  Orbital Command  
  18  1:29  Reaper  
  19  1:39  Command Center  
  19  1:49  Refinery  
  19  1:53  SCV  
  20  2:00  Barracks  
  20  2:07  SCV  
  21  2:09  Reaper  
  21  2:13  Supply Depot  
  23  2:22  SCV  
  23  2:36  SCV  
  24  2:49  SCV  
  25  2:57  SCV  
  26  3:02  SCV  
  26  3:05  Barracks  
  26  3:10  Orbital Command  
  26  3:14  SCV  
  26  3:18  Reaper  
  26  3:19  Reaper  
  29  3:25  Barracks  
  29  3:32  Engineering Bay  
  29  3:34  Engineering Bay  
  29  3:37  SCV  
  31  3:41  SCV  
  31  3:49  SCV  
  31  3:50  Reaper  
  31  3:51  Reaper  
  31  3:53  SCV  
  35  3:57  Reaper  
  35  4:01  SCV, Refinery  
  35  4:02  Refinery  
  37  4:05  SCV  
  37  4:08  Terran Infantry Weapons Level 1  
  38  4:10  Terran Infantry Armor Level 1  
  38  4:13  SCV  
  39  4:17  SCV  
  39  4:21  Supply Depot  
  40  4:25  SCV, Factory  
  40  4:27  Barracks Tech Lab  
  40  4:30  Barracks Tech Lab  
  41  4:32  Barracks Reactor  
  41  4:33  Barracks Reactor x2  
  41  4:37  SCV  
  41  4:38  SCV  
  43  4:49  SCV  
  43  4:50  SCV  
  45  5:02  SCV x2  
  47  5:09  Supply Depot  
  47  5:10  Starport  
  47  5:13  Factory Reactor  
  47  5:14  Marine x3  
  47  5:15  Marine x3  
  47  5:17  Armory  
  53  5:31  Marauder  
  51  5:52  SCV x2  
  51  5:57  Missile Turret  
  51  6:00  Marine, Missile Turret  
  51  6:01  Marine x4  
  51  6:02  Marine  
  57  6:04  SCV x2  
  57  6:10  Combat Shield  
  59  6:15  Terran Infantry Armor Level 2, Terran Infantry Weapons Level 2  
  59  6:22  Marine x3  
  62  6:29  Supply Depot  
  62  6:31  Supply Depot, Marine x2  
  62  6:32  Marine, Marauder  
  67  6:33  Medivac x2  
  71  6:50  Marine  
  71  6:51  Marine x5  
  77  7:01  SCV x2  
  79  7:03  Supply Depot  
  79  7:05  Command Center, Medivac x2  
  79  7:06  Marine  
  84  7:16  SCV x2  
  86  7:28  SCV x2  
  86  7:29  Stimpack  
  88  7:43  Terran Ship Weapons Level 1  
  88  7:48  Command Center, Medivac x2  
  88  7:49  Marine x5  
  88  7:50  Marine  
  88  7:51  Marauder  
  100  8:06  Marine  
  100  8:07  Marine  
  100  8:11  Marine x4  
  100  8:12  Marauder  
  108  8:14  Supply Depot  
  108  8:16  SCV x2  
  110  8:31  Orbital Command  
  110  8:35  SCV x2, Marine, Refinery  
  110  8:36  Marine x3, Refinery  
  110  8:37  Supply Depot, Marine  
  110  8:39  Marine  
  118  8:54  SCV  
  118  8:55  SCV  
  120  8:59  Marine x4  
  120  9:00  Supply Depot, Marine x2  
  120  9:01  Marine  
  127  9:03  Unknown  
  127  9:04  Terran Infantry Weapons Level 3  
  127  9:06  Terran Infantry Armor Level 3  
  127  9:12  Concussive Shells  
  127  9:17  Orbital Command  
  127  9:19  SCV x3  
  130  9:24  Marine x3  
  130  9:25  Viking  
  130  9:26  Viking  
  130  9:30  Supply Depot  
  137  9:37  Terran Vehicle And Ship Armor Level 1  
  137  9:40  Marine x2, Armory  
  137  9:41  Marine  
  142  9:45  SCV x3  
  142  9:46  SCV  
  140  10:00  Supply Depot  
  140  10:05  Viking x2  
  144  10:09  Missile Turret  
  144  10:13  Marine x4  
  144  10:14  Marine x2  
  146  10:35  Marine x7  
  149  10:39  Viking x2  
  157  10:52  Marine  
  157  10:53  Marine x6  
  164  10:59  SCV x4  
  168  11:10  Marine  
  168  11:11  Marine x2  
  161  11:12  Command Center  
  161  11:16  Command Center  
  161  11:23  Missile Turret  
  135  11:43  Marine x6  
  135  11:44  Marine, Missile Turret  
Show
View Real Time Build Order
Export as new Build Order

Boogle Terran 

Build Orders:  

Get SALT Encoding   

  12  0:00  SCV  
  13  0:12  SCV  
  14  0:23  Supply Depot  
  14  0:24  SCV  
  15  0:30  Refinery  
  15  0:44  SCV  
  15  0:47  Barracks  
  16  0:56  SCV  
  17  1:02  Refinery  
  17  1:08  SCV  
  18  1:21  SCV  
  19  1:33  SCV  
  19  1:38  Supply Depot  
  19  1:39  Barracks Tech Lab  
  20  1:45  SCV  
  21  2:08  Command Center  
  21  2:09  Marine  
  22  2:21  Orbital Command  
  22  2:29  Stimpack  
  22  2:32  Marine  
  23  2:40  Engineering Bay  
  22  3:02  Marine  
  22  3:04  SCV  
  24  3:08  Factory  
  24  3:10  Missile Turret  
  24  3:20  Marine  
  25  3:29  Supply Depot  
  25  3:35  Barracks  
  25  3:37  Supply Depot  
  25  3:38  SCV, Marine  
  27  3:46  SCV  
  28  3:50  SCV  
  28  3:52  Factory Tech Lab  
  29  3:55  Marine  
  29  3:58  SCV  
  31  4:03  SCV  
  32  4:10  Supply Depot, Terran Infantry Weapons Level 1  
  32  4:12  Siege Tank  
  32  4:13  Marine  
  32  4:15  Combat Shield  
  36  4:23  SCV x2  
  38  4:24  Barracks Tech Lab  
  38  4:35  Orbital Command, SCV  
  39  4:40  Starport  
  39  4:48  Missile Turret  
  37  5:07  SCV x2  
  39  5:09  Missile Turret  
  39  5:12  Siege Tank  
  42  5:15  Marine x2  
  42  5:17  Concussive Shells  
  42  5:19  SCV x2  
  42  5:20  Starport Reactor  
  46  5:24  Supply Depot  
  46  5:31  SCV x2  
  48  5:36  Marine, Marauder  
  51  5:43  SCV x2  
  53  5:54  Marine, Cyclone  
  57  5:57  Viking  
  57  5:58  Marauder  
  61  6:04  Missile Turret  
  61  6:09  Missile Turret  
  61  6:10  Supply Depot  
  61  6:11  Marine  
  61  6:16  Armory  
  61  6:18  Refinery  
  62  6:19  Marine  
  62  6:20  SCV x2  
  62  6:21  Refinery  
  62  6:23  Missile Turret  
  65  6:26  Missile Turret x2  
  65  6:27  Hi-Sec Auto Tracking  
  65  6:29  Marine  
  66  6:35  Viking  
  66  6:36  Marine  
  69  6:53  Medivac  
  71  6:56  SCV x2  
  73  7:08  SCV x2  
  73  7:10  Thor  
  81  7:18  Supply Depot  
  81  7:20  Supply Depot, SCV  
  76  7:37  SCV  
  76  7:38  SCV  
  76  7:43  Command Center  
  78  7:45  Factory  
  78  7:48  Marine x2, Medivac  
  82  7:53  Siege Tank  
  85  7:59  Sensor Tower  
  85  8:06  Marine x2  
  87  8:18  Missile Turret  
  87  8:24  Marine x2  
  87  8:25  Siege Tank  
  92  8:32  Factory Tech Lab  
  92  8:37  Medivac  
  92  8:38  Viking  
  96  8:42  Marine, Marauder  
  99  8:50  Terran Infantry Armor Level 1  
  99  8:52  Terran Vehicle Weapons Level 1  
  99  8:57  Thor  
  99  9:00  Marine  
  106  9:03  Marine  
  107  9:10  Refinery  
  107  9:11  Missile Turret  
  107  9:12  Refinery  
  107  9:27  Orbital Command  
  107  9:31  SCV x2  
  109  9:32  Missile Turret  
  109  9:41  Siege Tank  
  109  9:43  SCV x2, Marine x2  
  116  9:47  Thor  
  116  9:48  Supply Depot  
  116  9:51  Supply Depot x2  
  122  9:53  Missile Turret  
  122  9:55  SCV  
  122  9:59  Engineering Bay  
  123  10:00  Marine  
  123  10:04  SCV  
  125  10:09  Marine  
  125  10:10  SCV x2  
  128  10:17  SCV  
  128  10:19  Marauder  
  131  10:27  Marine  
  132  10:34  Medivac x2  
  136  10:39  Thor  
  136  10:40  Marauder, Widow Mine  
  146  10:45  Marine  
  147  10:53  SCV  
  147  10:54  SCV  
  149  11:05  Marine  
  149  11:13  SCV  
  148  11:19  Marauder, Widow Mine  
  148  11:22  Widow Mine  
  148  11:23  Marine  
  85  11:40  Marauder  
Show
View Real Time Build Order
Export as new Build Order

cute Protoss 

Build Orders: Zealot Archon 

Get SALT Encoding   

  12  0:02  Probe  
  13  0:14  Probe  
  14  0:26  Probe, Pylon  
  15  0:32  Assimilator  
  15  0:42  Probe  
  16  0:50  Probe  
  17  1:02  Gateway  
  17  1:14  Probe  
  17  1:15  Nexus  
  18  1:23  Probe  
  18  1:24  Assimilator  
  18  1:32  Probe  
  20  1:40  Gateway  
  20  1:50  Cybernetics Core  
  20  1:53  Probe  
  21  2:05  Probe  
  21  2:07  Warp Gate  
  22  2:12  Gateway  
  22  2:16  Pylon  
  22  2:20  Probe  
  23  2:30  Adept  
  23  2:32  Probe  
  26  2:38  Probe  
  27  2:44  Probe  
  27  2:47  Adept  
  30  2:57  Probe x2  
  32  2:59  Pylon  
  32  3:06  Twilight Council  
  32  3:14  Adept  
  32  3:33  Gateway  
  32  3:38  Gateway  
  32  3:39  Probe x2  
  34  3:41  Pylon  
  34  3:45  Shield Battery  
  34  3:49  Charge  
  34  4:02  Adept x3  
  36  4:04  Probe  
  36  4:05  Probe  
  42  4:18  Dark Shrine  
  39  4:27  Probe x2  
  41  4:35  Probe x2  
  41  4:43  Robotics Facility  
  41  4:44  Probe  
  41  4:45  Probe  
  45  4:59  Adept  
  47  5:00  Adept x2  
  47  5:01  Probe x2  
  53  5:09  Assimilator  
  53  5:13  Probe  
  53  5:14  Probe  
  55  5:17  Shield Battery  
  55  5:21  Assimilator  
  55  5:25  Probe  
  55  5:26  Probe  
  51  5:35  Dark Templar x3  
  47  5:58  Archon  
  41  6:10  Probe x2  
  39  6:12  Dark Templar  
  39  6:17  Archon  
  41  6:21  Shield Battery  
  41  6:22  Probe  
  42  6:30  Pylon  
  42  6:33  Probe  
  42  6:34  Probe, Pylon  
  43  6:59  Stargate  
  43  7:01  Stargate  
  43  7:05  Stargate  
  43  7:13  Probe x2  
  45  7:16  Observer  
  46  7:25  Probe x2  
  48  7:33  Shield Battery  
  48  7:36  Forge  
  48  7:37  Observer, Probe  
  50  7:45  Phoenix x2  
  54  7:53  Phoenix  
  56  8:04  Probe x2  
  58  8:09  Nexus  
  58  8:14  Phoenix x2  
  58  8:16  Probe  
  58  8:19  Observer  
  64  8:24  Probe  
  65  8:28  Probe, Pylon  
  66  8:36  Probe  
  67  8:43  Fleet Beacon  
  67  8:55  Robotics Bay  
  67  9:05  Robotics Facility, Probe x2  
  69  9:17  Probe x2  
  63  9:28  Extended Thermal Lance  
  63  9:29  Probe  
  63  9:30  Probe  
  63  9:31  Protoss Ground Weapons Level 1  
  65  9:37  Colossus  
  65  9:45  Probe x3  
  72  9:59  Colossus  
  78  10:11  Assimilator  
  78  10:15  Assimilator  
  68  10:32  Colossus  
  68  10:35  Nexus  
  68  10:37  Pylon  
  68  10:39  Probe x2  
  76  10:51  Probe x2  
  78  11:00  Zealot x4  
  86  11:06  Pylon  
  86  11:07  Pylon, Probe  
  66  11:36  Dark Templar  
  66  11:37  Dark Templar x3  
  68  11:51  Dark Templar  
Tags
 
Add a new tag
Caveats
  • Supply blocks, unpowered buildings, or Contaminate may cause inaccurate times.
  • Supply counts are checked every 10 seconds.